 Dungeon Crawl Stone Soup version 0.24.0-1-gfbc8707122 (console) character file.

Game seed: 1039193208620709971, levelgen mode: deterministic

1467 AlterAsc the Firebug (level 8, -4/57 HPs)
             Began as a Black Draconian Fire Elementalist on Oct 26, 2019.
             Was an Initiate of Vehumet.
             Killed from afar by an orc wizard (6 damage)
             ... with a magic dart
             ... on level 6 of the Dungeon.
             The game lasted 00:36:46 (5598 turns).

AlterAsc the Firebug (DrFE)                         Turns: 5598, Time: 00:36:46

Health: -4/57      AC:  9    Str: 11    XL:     8   Next: 48%
Magic:  16/17      EV: 27    Int: 17    God:    Vehumet [......]
Gold:   250        SH:  0    Dex: 12    Spells: 4/19 levels left

rFire    . . .     SeeInvis .   m - +0 hunting sling
rCold    . . .     Gourm    .   (no shield)
rNeg     . . .     Faith    .   (armour unavailable)
rPois    .         Spirit   .   (helmet restricted)
rElec    +         Reflect  .   (no cloak)
rCorr    .         Harm     .   (no gloves)
MR       .....                  (no boots)
Stlth    ++........             B - amulet of the acrobat
HPRegen  0.19/turn              j - +3 ring of protection
MPRegen  0.15/turn              y - ring of wizardry

@: about to teleport, acrobat
A: breathe lightning, unfitting armour, electricity resistance, cold-blooded, AC
+6
a: Breathe Lightning, Renounce Religion


You were on level 6 of the Dungeon.
You worshipped Vehumet.
Vehumet was noncommittal.
You were not hungry.

You visited 2 branches of the dungeon, and saw 8 of its levels.

You collected 250 gold pieces.

Inventory:

Hand Weapons
 e - a +0 short sword
 l - a +2 dagger of venom
 m - a +0 hunting sling (weapon)
 r - a +0 dagger of speed
 A - a +1 vampiric dagger
Missiles
 a - 168 stones (quivered)
 k - 46 arrows
 n - 44 sling bullets
Armour
 o - a +0 animal skin
Jewellery
 j - a +3 ring of protection (left hand)
 u - a cursed ring of attention {unknown}
 y - a ring of wizardry (right hand)
 B - an amulet of the acrobat (around neck)
 J - an uncursed ring of wizardry
Wands
 E - a wand of polymorph (5)
 G - a wand of paralysis (10)
Scrolls
 d - 3 scrolls of identify
 g - 2 scrolls of fear {unknown}
 h - a scroll of enchant weapon {unknown}
 i - 3 scrolls of teleportation
 q - a scroll of enchant armour {unknown}
 s - 2 scrolls of remove curse {unknown}
 t - 2 scrolls of magic mapping
 x - a scroll of random uselessness {unknown}
 z - 2 scrolls of fog {unknown}
 C - a scroll of immolation {unknown}
 F - a scroll of blinking {unknown}
Potions
 c - 3 potions of curing {unknown}
 f - 2 potions of cancellation {unknown}
 p - 2 potions of mutation {unknown}
 v - 3 potions of heal wounds {unknown}
 w - 2 potions of haste {unknown}
 D - a potion of lignification {unknown}
 H - a potion of brilliance {unknown}
Comestibles
 b - 6 rations
 I - 9 chunks of flesh


   Skills:
 - Level 1.7 Dodging
 - Level 1.7 Stealth
 * Level 6.2 Spellcasting
 + Level 5.9 Conjurations
 + Level 6.6 Fire Magic


You had 4 spell levels left.
You knew the following spells:

 Your Spells              Type           Power        Failure   Level  Hunger
a - Flame Tongue          Conj/Fire      ####.        1%          1    None
b - Throw Flame           Conj/Fire      ####..       1%          2    None
c - Conjure Flame         Conj/Fire      ####....     1%          3    ##.....
d - Sticky Flame          Conj/Fire      ####....     4%          4    ####...
e - Fireball              Conj/Fire      ####......   11%         5    #####..

Your spell library contained the following spells:

 Spells                   Type           Power        Failure   Level  Hunger
 Inner Flame              Hex/Fire       ###.....     4%          3    ##.....


Dungeon Overview and Level Annotations

Branches:
Dungeon (7/15)             Temple (1/1) D:6

Altars:
Ashenzari
Cheibriados
Dithmenos
Elyvilon
Gozag
Hepliaklqana
Kikubaaqudgha
Nemelex Xobeh
Okawaru
Qazlal
Ru
Trog
Uskayaw
Vehumet
Wu Jian
Xom
Yredelemnul
Zin
The Shining One

Annotations:
D:6 Pikel


Innate Abilities, Weirdness & Mutations

You can breathe wild blasts of lightning.
Your glossy black scales are hard. (AC +6)
You cannot fit into any form of body armour.
You are resistant to electric shocks. (rElec)
You are cold-blooded and may be slowed by cold attacks.


Message History

Here: Pikel, wielding a +2 whip of freezing and wearing a +0 robe A +0 mace.
There is something else lying underneath.
The floor, spattered with blood.
As you read the scroll of teleportation, it crumbles to dust.
You feel strangely unstable.
The orc wizard mumbles some strange words.
The orc wizard blinks!
Pikel hits you with a +2 whip of freezing!
* * * LOW HITPOINT WARNING * * *
You feel yourself slow down. Pikel freezes you.
* * * LOW HITPOINT WARNING * * *
You feel yourself speed up. Pikel closely misses you.
The orc wizard hits you with a +0 dagger.
* * * LOW HITPOINT WARNING * * *
Pikel closely misses you.
The orc wizard gestures at you while chanting.
The magic dart hits you.
You die...

.........##.^##....######..(.....
.........###.#...................
.........# #.#...................
.........# #.#..................(
.........# #...................(.
.........# ##......[......###(...
###......# #.##.#####.......####
..#......# #.##o# #.......#
⌠...####.# #.##@# #.......# ..###
#.# #..#K# #.......# ### #.#
##.#H# #.......# ..######.# #...#
#.......# ⌠.#......##
##..#####.......# ..#...)...#
#.>............# ###.#####.#
########.......# ..#.#,,,#.#
#.......# ⌠.#.#,,,#.# #########


You could see a hippogriff, Pikel and an orc wizard.

Vanquished Creatures
  Grinder (D:5)
  Eustachio (D:6)
  Duvessa (D:6)
  2 sky beasts (D:5)
  An orc warrior (D:6)
  A black bear (D:5)
  A centaur (D:5)
  Dowan (D:6)
  A crimson imp (D:4)
  A quasit (D:5)
  A hound (D:6)
  A bullfrog skeleton (D:6)
  4 orc wizards
  An iguana (D:4)
  2 worker ants (D:4)
  Robin (D:2)
  11 adders
  An ooze (D:4)
  An adder skeleton (D:5)
  3 worms
  3 dart slugs
  5 leopard geckos
  12 orcs
  6 giant cockroaches
  13 goblins
  7 hobgoblins
  8 jackals
  3 kobolds
  3 quokkas
  11 bats
  4 frilled lizards
  A leopard gecko zombie (D:5)
  5 rats
118 creatures vanquished.

Notes
Turn   | Place    | Note
-------+----------+-------------------------------------------
     0 | D:1      | AlterAsc the Draconian Fire Elementalist began the quest
                  | for the Orb.
     0 | D:1      | Reached XP level 1. HP: 14/14 MP: 3/3
   124 | D:1      | Reached XP level 2. HP: 20/20 MP: 0/5
   770 | D:2      | Reached XP level 3. HP: 26/26 MP: 4/6
   962 | D:2      | Noticed Robin
  1214 | D:2      | Killed Robin
  1327 | D:2      | Found an iron altar of Okawaru.
  1483 | D:2      | Found a hazy altar of Hepliaklqana.
  1488 | D:2      | Found an opulent altar of Gozag.
  1489 | D:2      | Found a shimmering altar of Xom.
  1490 | D:2      | Found a shadowy altar of Dithmenos.
  1573 | D:3      | Reached XP level 4. HP: 33/33 MP: 3/8
  2603 | D:4      | Reached XP level 5. HP: 38/38 MP: 6/9
  2894 | D:4      | Learned a level 2 spell: Throw Flame
  2898 | D:4      | Learned a level 3 spell: Conjure Flame
  3081 | D:5      | Entered Level 5 of the Dungeon
  3081 | D:5      | Noticed a sky beast
  3352 | D:4      | Reached XP level 6. HP: 43/45 MP: 11/11
  3361 | D:4      | Learned a level 4 spell: Sticky Flame
  3376 | D:5      | Killed a sky beast
  3554 | D:5      | Noticed a sky beast
  3573 | D:5      | Killed a sky beast
  3573 | D:5      | Reached skill level 5 in Fire Magic
  3752 | D:4      | Your scales start taking on a glossy black colour.
  3752 | D:4      | Reached XP level 7. HP: 33/50 MP: 9/13
  3752 | D:4      | Gained mutation: You are resistant to electric shocks.
                  | (rElec) [Black Draconian growth]
  3901 | D:5      | Noticed Grinder
  3924 | D:5      | Killed Grinder
  4012 | D:5      | Reached skill level 5 in Spellcasting
  4012 | D:5      | Reached skill level 5 in Conjurations
  4539 | D:6      | Reached XP level 8. HP: 54/57 MP: 7/15
  4551 | D:6      | Found a basalt altar of Yredelemnul.
  4603 | D:6      | Found a staircase to the Ecumenical Temple.
  4615 | Temple   | Entered the Ecumenical Temple
  4844 | Temple   | Became a worshipper of Vehumet
  4851 | Temple   | Learned a level 5 spell: Fireball
  4883 | D:6      | Noticed Eustachio
  4925 | D:6      | Killed Eustachio
  5098 | D:6      | Noticed Dowan
  5108 | D:7      | Noticed a hippogriff
  5296 | D:6      | Killed Dowan
  5391 | D:6      | Noticed Duvessa
  5400 | D:6      | Killed Duvessa
  5569 | D:7      | Noticed Pikel
  5598 | D:6      | HP: 2/57 [orc wizard/+0 dagger (5)]
  5598 | D:6      | Killed from afar by an orc wizard

Levels and vault maps discovered:
D:1:      saegor_arrival_simple_d, layout_rooms, corexii_corridor_pit
D:2:      layout_basic, grunt_temple_overflow_open, first_ration, uniq_robin
D:3:      layout_basic
D:4:      layout_rooms, serial_forest, infiniplex_forest_lined_room_3,
          infiniplex_forest_clump_diagonal, infiniplex_forest_straight_3,
          infiniplex_forest_lined_4_way, infiniplex_forest_clump_diagonal,
          infiniplex_forest_straight_3, infiniplex_forest_lined_room_3
D:5:      black_bear_nest_1, layout_rooms, palyth_stone_intersect, uniq_grinder
D:6:      layout_basic, minmay_temple_entry_nine_rooms, basic_altar,
          dk_rats_in_the_wall, uniq_eustachio, uniq_duvessa
D:7:      wad_pebble_path, layout_cave_pods, uniq_pikel, uniq_prince_ribbit1
Temple:   eino_temple_water

Skill      XL: |  1  2  3  4  5  6  7  8 |
---------------+-------------------------+-----
Conjurations   | 2 3 4 5 |  5.9
Spellcasting   | 3 4 5 6 |  6.2
Fire Magic     | 4 5 6 |  6.6
Dodging        | |  1.7
Stealth        | |  1.7

Action                   |  1- 3 |  4- 6 |  7- 9 || total
-------------------------+-------+-------+-------++-------
Melee: Unarmed           |     2 |       |       ||     2
       Short sword       |     7 |       |       ||     7
       Dagger            |     4 |    12 |       ||    16
       Tailslap          |       |     3 |       ||     3
       Hunting sling     |       |       |     2 ||     2
 Fire: Hunting sling     |    13 |   117 |    23 ||   153
Throw: Stone             |    59 |       |       ||    59
 Cast: Flame Tongue      |    71 |    97 |    64 ||   232
       Sticky Flame      |       |     3 |    12 ||    15
       Conjure Flame     |       |       |     2 ||     2
       Throw Flame       |       |       |     1 ||     1
 Abil: Breathe Lightning |       |       |     4 ||     4
  Use: Scroll            |       |     2 |     4 ||     6
  Eat: Chunk             |     2 |     8 |     5 ||    15
       Ration            |       |       |     1 ||     1
Armor: Skin              |    37 |    52 |    28 ||   117
Dodge: Dodged            |    79 |    87 |   107 ||   273
